TOP OF THE 1ST |
Quincy Doughboys batting - Pitching for Ottawa Fat Cats : RHP William Dixon
|
Pitching: RHP William Dixon
|
|
Batting: LHB Esteban Pérez
|
0-0: Ball 1-0: Called Strike 1-1: Ball 2-1: Ground out 1-3 (Groundball, 13S)
|
Batting: LHB Rob Johnson
|
0-0: Ground out 5-3 (Groundball, 56S)
|
Batting: RHB Geoff Rainey
|
0-0: Ball 1-0: Foul Ball, location: 2F 1-1: Foul Ball, location: 2F 1-2: Ball 2-2: Ball 3-2: Strikes out swinging
|
Top of the 1st over - 0 runs, 0 hits, 0 errors, 0 left on base; Quincy 0 - Ottawa 0 |
BOTTOM OF THE 1ST |
Ottawa Fat Cats batting - Pitching for Quincy Doughboys : RHP Tony Navarro
|
Pitching: RHP Tony Navarro
|
|
Batting: RHB Bryan Reed
|
0-0: Foul Ball, location: 2F 0-1: Called Strike 0-2: Foul Ball, location: 2F 0-2: Fly out, F7 (Line Drive, 78D)
|
Batting: SHB Raúl Rivas
|
0-0: Ball 1-0: Called Strike 1-1: Swinging Strike 1-2: Strikes out swinging
|
Batting: RHB Daniel Quintana
|
0-0: Fly out, F9 (Line Drive, 9LM)
|
Bottom of the 1st over - 0 runs, 0 hits, 0 errors, 0 left on base; Quincy 0 - Ottawa 0 |
TOP OF THE 2ND |
Quincy Doughboys batting - Pitching for Ottawa Fat Cats : RHP William Dixon
|
Batting: LHB José Martínez
|
0-0: Fly out, F6 (Popup, 6S)
|
Batting: RHB Luis Díaz
|
0-0: Called Strike 0-1: Ball 1-1: Ball 2-1: Foul Ball, location: 2F 2-2: Ball 3-2: Strikes out swinging
|
Batting: RHB Steve Cooper
|
0-0: Called Strike 0-1: Ball 1-1: Ground out U3 (Groundball, 34)
|
Top of the 2nd over - 0 runs, 0 hits, 0 errors, 0 left on base; Quincy 0 - Ottawa 0 |
BOTTOM OF THE 2ND |
Ottawa Fat Cats batting - Pitching for Quincy Doughboys : RHP Tony Navarro
|
Batting: LHB Aaron Scott
|
0-0: SINGLE (Groundball, 34S) (infield hit)
|
Batting: RHB Louis-Alexandre Lévesque
|
0-0: Called Strike 0-1: Ball 1-1: Grounds into double play, 4-6-3 (Groundball, 4)
|
Batting: LHB Jorge Fuentes
|
0-0: Ball 1-0: Foul Ball, location: 2F 1-1: SINGLE (Line Drive, 56D)
|
Batting: RHB Tim Hesse
|
0-0: Ball Jorge Fuentes steals 2nd base 1-0: Ball 2-0: Ball 3-0: Called Strike 3-1: Fly out, F8 (Flyball, 8LM)
|
Bottom of the 2nd over - 0 runs, 2 hits, 0 errors, 1 left on base; Quincy 0 - Ottawa 0 |
TOP OF THE 3RD |
Quincy Doughboys batting - Pitching for Ottawa Fat Cats : RHP William Dixon
|
Batting: RHB Floyd Reynolds
|
0-0: Foul Ball, location: 2F 0-1: Swinging Strike 0-2: Ball 1-2: Ball 2-2: Foul Ball, location: 2F 2-2: SINGLE (Line Drive, 4D)
|
Batting: LHB Raúl Luna
|
0-0: Ball 1-0: Called Strike 1-1: Foul Ball, location: 2F 1-2: Foul Ball, location: 2F 1-2: Strikes out swinging
|
Batting: RHB Ben Martin
|
0-0: Called Strike 0-1: Called Strike 0-2: Strikes out looking
|
Batting: LHB Esteban Pérez
|
0-0: Called Strike 0-1: Ball 1-1: Ball 2-1: Swinging Strike 2-2: Strikes out looking
|
Top of the 3rd over - 0 runs, 1 hit, 0 errors, 1 left on base; Quincy 0 - Ottawa 0 |
BOTTOM OF THE 3RD |
Ottawa Fat Cats batting - Pitching for Quincy Doughboys : RHP Tony Navarro
|
Batting: RHB Mike McCray
|
0-0: Called Strike 0-1: Called Strike 0-2: Ball 1-2: Ball 2-2: Ball 3-2: Base on Balls
|
Batting: RHB Dennis Kelly
|
0-0: Ball 1-0: SINGLE (Line Drive, 8RS) Mike McCray to second
|
Batting: RHB Bryan Reed
|
0-0: Ball 1-0: Called Strike 1-1: Fly out, F7 (Flyball, 7D)
|
Batting: SHB Raúl Rivas
|
0-0: Called Strike 0-1: Called Strike 0-2: Ball 1-2: Foul Ball, location: 2F 1-2: Fly out, F9 (Flyball, 9LSF)
|
Batting: RHB Daniel Quintana
|
0-0: Foul Ball, location: 2F 0-1: Foul Ball, location: 2F 0-2: Foul Ball, location: 2F 0-2: Ball 1-2: Ground out 4-3 (Groundball, 6MD)
|
Bottom of the 3rd over - 0 runs, 1 hit, 0 errors, 2 left on base; Quincy 0 - Ottawa 0 |
TOP OF THE 4TH |
Quincy Doughboys batting - Pitching for Ottawa Fat Cats : RHP William Dixon
|
Batting: LHB Rob Johnson
|
0-0: Ball 1-0: Ball 2-0: Foul Ball, location: 2F 2-1: Foul Ball, location: 2F 2-2: Foul Ball, location: 2F 2-2: Ball 3-2: Foul Ball, location: 2F 3-2: SOLO HOME RUN (Flyball, 9LD), Distance : 331 ft
|
Batting: RHB Geoff Rainey
|
0-0: SINGLE (Line Drive, 6MD)
|
Batting: LHB José Martínez
|
0-0: Ball 1-0: Swinging Strike 1-1: Ball 2-1: Swinging Strike 2-2: Foul Ball, location: 2F 2-2: Foul Ball, location: 2F 2-2: Strikes out swinging
|
Batting: RHB Luis Díaz
|
0-0: Fly out, F7 (Line Drive, 7D)
|
Batting: RHB Steve Cooper
|
0-0: Ball 1-0: SINGLE (Groundball, 4MD) Geoff Rainey to second Runner from 2nd tries for 3rd, SAFE, no throw
|
Batting: RHB Floyd Reynolds
|
0-0: Called Strike 0-1: Ball 1-1: Foul Ball, location: 2F 1-2: 3-RUN HOME RUN (Flyball, 9D), Distance : 359 ft
|
Batting: LHB Raúl Luna
|
0-0: Ball 1-0: Called Strike 1-1: Ball 2-1: Called Strike 2-2: Foul Ball, location: 2F 2-2: Strikes out swinging
|
Top of the 4th over - 4 runs, 4 hits, 0 errors, 0 left on base; Quincy 4 - Ottawa 0 |
BOTTOM OF THE 4TH |
Ottawa Fat Cats batting - Pitching for Quincy Doughboys : RHP Tony Navarro
|
Batting: LHB Aaron Scott
|
0-0: Called Strike 0-1: Ball 1-1: Fly out, F6 (Popup, 6)
|
Batting: RHB Louis-Alexandre Lévesque
|
0-0: SINGLE (Groundball, 4MD)
|
Batting: LHB Jorge Fuentes
|
0-0: Ball 1-0: Foul Ball, location: 2F 1-1: Called Strike 1-2: Ball Balk! Louis-Alexandre Lévesque to second 2-2: Strikes out swinging, 2-3 out at first.
|
Batting: RHB Tim Hesse
|
0-0: Ball 1-0: Called Strike 1-1: Swinging Strike 1-2: Ball 2-2: Foul Ball, location: 2F 2-2: Fly out, F7 (Flyball, 7D)
|
Bottom of the 4th over - 0 runs, 1 hit, 0 errors, 1 left on base; Quincy 4 - Ottawa 0 |
TOP OF THE 5TH |
Quincy Doughboys batting - Pitching for Ottawa Fat Cats : RHP William Dixon
|
Batting: RHB Ben Martin
|
0-0: Called Strike 0-1: Ball 1-1: Fly out, F4 (Popup, 4M)
|
Batting: LHB Esteban Pérez
|
0-0: Ground out 1-3 (Groundball, 13)
|
Batting: LHB Rob Johnson
|
0-0: Called Strike 0-1: Ball 1-1: Ball 2-1: Fly out, F7 (Line Drive, 78D)
|
Top of the 5th over - 0 runs, 0 hits, 0 errors, 0 left on base; Quincy 4 - Ottawa 0 |
BOTTOM OF THE 5TH |
Ottawa Fat Cats batting - Pitching for Quincy Doughboys : RHP Tony Navarro
|
Batting: RHB Mike McCray
|
0-0: Ball 1-0: Foul Ball, location: 2F 1-1: Foul Ball, location: 2F 1-2: Ball 2-2: Foul Ball, location: 2F 2-2: Ball 3-2: Foul Ball, location: 2F 3-2: Foul Ball, location: 2F 3-2: SINGLE (Line Drive, 8LS)
|
Batting: RHB Dennis Kelly
|
0-0: Fly out, F4 (Popup, 4S)
|
Batting: RHB Bryan Reed
|
0-0: Called Strike 0-1: Fielders Choice at 2nd, 6-4 (Groundball, 6)
|
Batting: SHB Raúl Rivas
|
0-0: Ball 1-0: 2-RUN HOME RUN (Flyball, 9LD), Distance : 340 ft
|
Batting: RHB Daniel Quintana
|
0-0: Called Strike 0-1: Called Strike 0-2: Ball 1-2: Fly out, F7 (Flyball, 7S)
|
Bottom of the 5th over - 2 runs, 2 hits, 0 errors, 0 left on base; Quincy 4 - Ottawa 2 |
TOP OF THE 6TH |
Quincy Doughboys batting - Pitching for Ottawa Fat Cats : RHP William Dixon
|
Batting: RHB Geoff Rainey
|
0-0: Foul Ball, location: 2F 0-1: Ground out 6-3 (Groundball, 6)
|
Batting: LHB José Martínez
|
0-0: Foul Ball, location: 2F 0-1: Foul Ball, location: 2F 0-2: Ball 1-2: Ground out U3 (Groundball, 3)
|
Batting: RHB Luis Díaz
|
0-0: Ball 1-0: Ball 2-0: Swinging Strike 2-1: Foul Ball, location: 2F 2-2: Strikes out swinging
|
Top of the 6th over - 0 runs, 0 hits, 0 errors, 0 left on base; Quincy 4 - Ottawa 2 |
BOTTOM OF THE 6TH |
Ottawa Fat Cats batting - Pitching for Quincy Doughboys : RHP Tony Navarro
|
Batting: LHB Aaron Scott
|
0-0: Called Strike 0-1: Ball 1-1: Ball 2-1: Foul Ball, location: 2F 2-2: Ball 3-2: Base on Balls
|
Batting: RHB Louis-Alexandre Lévesque
|
0-0: SINGLE (Groundball, 4MD) Aaron Scott to second
|
Batting: LHB Jorge Fuentes
|
0-0: Ball 1-0: Ball 2-0: Fly out, F3 (Line Drive, 3)
|
Batting: RHB Tim Hesse
|
0-0: Called Strike 0-1: Ball 1-1: Foul Ball, location: 2F 1-2: Ball 2-2: Foul Ball, location: 2F 2-2: Fly out, F7 (Flyball, 7)
|
Batting: RHB Mike McCray
|
0-0: Ball 1-0: Ball 2-0: Ball 3-0: Called Strike 3-1: Fielders Choice at 2nd, 6-4 (Groundball, 6)
|
Bottom of the 6th over - 0 runs, 1 hit, 0 errors, 2 left on base; Quincy 4 - Ottawa 2 |
TOP OF THE 7TH |
Quincy Doughboys batting - Pitching for Ottawa Fat Cats : RHP William Dixon
|
Batting: RHB Steve Cooper
|
0-0: Ball 1-0: Ball 2-0: Foul Ball, location: 2F 2-1: Fly out, F8 (Flyball, 8RM)
|
Batting: RHB Floyd Reynolds
|
0-0: Swinging Strike 0-1: Ball 1-1: Called Strike 1-2: Strikes out swinging
|
Batting: LHB Raúl Luna
|
0-0: Ball 1-0: Swinging Strike 1-1: Ball 2-1: Called Strike 2-2: Ball 3-2: Strikes out swinging
|
Top of the 7th over - 0 runs, 0 hits, 0 errors, 0 left on base; Quincy 4 - Ottawa 2 |
BOTTOM OF THE 7TH |
Ottawa Fat Cats batting - Pitching for Quincy Doughboys : RHP Tony Navarro
|
Pitching: RHP Troy Cole
|
|
Batting: RHB Dennis Kelly
|
0-0: Ball 1-0: Ball 2-0: Ball 3-0: Called Strike 3-1: Base on Balls
|
Batting: RHB Bryan Reed
|
0-0: Ball 1-0: Ball 2-0: Foul Ball, location: 2F 2-1: Called Strike 2-2: Ball 3-2: Foul Ball, location: 2F 3-2: Foul Ball, location: 2F 3-2: 2-RUN HOME RUN (Line Drive, 9LD), Distance : 354 ft
|
Pitching: LHP Jon Todd
|
|
Batting: SHB Raúl Rivas
|
0-0: Ball 1-0: Swinging Strike 1-1: SINGLE (Groundball, 56D)
|
Batting: RHB Daniel Quintana
|
0-0: Ball 1-0: Foul Ball, location: 2F 1-1: Swinging Strike 1-2: Ball 2-2: Strikes out looking
|
Batting: LHB Aaron Scott
|
0-0: Ball 1-0: Called Strike 1-1: Swinging Strike 1-2: Grounds into double play, 1-6-3 (Groundball, 13S)
|
Bottom of the 7th over - 2 runs, 2 hits, 0 errors, 0 left on base; Quincy 4 - Ottawa 4 |
TOP OF THE 8TH |
Quincy Doughboys batting - Pitching for Ottawa Fat Cats : RHP William Dixon
|
Pitching: RHP Juan Berrera
|
|
Pinch Hitting: LHB Esteban Rodríguez
|
0-0: Fly out, F5 (Popup, 15)
|
Batting: LHB Esteban Pérez
|
0-0: Ground out 4-3 (Groundball, 34D)
|
Batting: LHB Rob Johnson
|
0-0: Ball 1-0: Called Strike 1-1: Called Strike 1-2: Ball 2-2: Ball 3-2: Base on Balls
|
Pitching: RHP Nestore Baroncelli
|
|
Pinch Runner at 1st Tomás Gonzáles:
|
|
Pinch Hitting: LHB Raúl García
|
0-0: Ball 1-0: Called Strike 1-1: Called Strike 1-2: Ball 2-2: Strikes out swinging
|
Top of the 8th over - 0 runs, 0 hits, 0 errors, 1 left on base; Quincy 4 - Ottawa 4 |
BOTTOM OF THE 8TH |
Ottawa Fat Cats batting - Pitching for Quincy Doughboys : LHP Jon Todd
|
Now at 1B: Esteban Rodríguez
|
|
Now at 2B: Dillon Lewis
|
|
Now in LF: Tomás Gonzáles
|
|
Batting: RHB Louis-Alexandre Lévesque
|
0-0: Ball 1-0: Swinging Strike 1-1: Foul Ball, location: 2F 1-2: Ball 2-2: Foul Ball, location: 2F 2-2: Ball 3-2: Strikes out looking
|
Pinch Hitting: RHB Ángel Vallés
|
0-0: Called Strike 0-1: Ball 1-1: Foul Ball, location: 2F 1-2: Fly out, F7 (Flyball, 7S)
|
Batting: RHB Tim Hesse
|
0-0: Called Strike 0-1: Ball 1-1: SINGLE (Line Drive, 4MD)
|
Pinch Runner at 1st Larry Olson:
|
|
Batting: RHB Mike McCray
|
0-0: Ball 1-0: Swinging Strike 1-1: Ball 2-1: Foul Ball, location: 2F 2-2: Strikes out swinging
|
Bottom of the 8th over - 0 runs, 1 hit, 0 errors, 1 left on base; Quincy 4 - Ottawa 4 |
TOP OF THE 9TH |
Quincy Doughboys batting - Pitching for Ottawa Fat Cats : RHP Nestore Baroncelli
|
Pitching: LHP Armando Carrasco
|
|
Now in LF: Juan Soto
|
|
Now in CF: Larry Olson
|
|
Batting: LHB José Martínez
|
0-0: Ball 1-0: Foul Ball, location: 2F 1-1: Ground out U3 (Groundball, 34)
|
Batting: RHB Luis Díaz
|
0-0: Ball 1-0: Ball 2-0: Called Strike 2-1: Foul Ball, location: 2F 2-2: Ground out 6-3 (Groundball, 6)
|
Batting: RHB Steve Cooper
|
0-0: Called Strike 0-1: Ball 1-1: Swinging Strike 1-2: Foul Ball, location: 2F 1-2: Ground out 5-3 (Groundball, 5)
|
Top of the 9th over - 0 runs, 0 hits, 0 errors, 0 left on base; Quincy 4 - Ottawa 4 |
BOTTOM OF THE 9TH |
Ottawa Fat Cats batting - Pitching for Quincy Doughboys : LHP Jon Todd
|
Batting: RHB Dennis Kelly
|
0-0: Called Strike 0-1: Ball 1-1: Ground out U3 (Groundball, 3)
|
Batting: RHB Bryan Reed
|
0-0: Called Strike 0-1: Called Strike 0-2: Ball 1-2: Foul Ball, location: 2F 1-2: Foul Ball, location: 2F 1-2: SINGLE (Flyball, 3D)
|
Batting: SHB Raúl Rivas
|
0-0: Foul Ball, location: 2F 0-1: Foul Ball, location: 2F 0-2: Ball 1-2: Ball 2-2: Ball 3-2: Hit by Pitch Bryan Reed to second
|
Batting: RHB Daniel Quintana
|
0-0: Called Strike 0-1: Hit by Pitch Bryan Reed to third Raúl Rivas to second
|
Batting: LHB Aaron Scott
|
0-0: Ball 1-0: Fly out, F9 (Line Drive, 9S) Runner from 3rd tags up, SCORES, no throw
|
Saturday, April 7th, 2018 - OOTP Baseball 18.8 Build 76
|
|